 Dungeon Crawl Stone Soup version 0.19-a0-1002-g674d22e (webtiles) character file.

12116 Duffy the Cleaver (level 12, -5/91 HPs)
             Began as a Formicid Fighter on July 18, 2016.
             Was the Champion of Cheibriados.
             Slain by a ten-headed hydra (6 damage)
             ... on level 11 of the Dungeon.
             The game lasted 00:16:20 (13171 turns).

Duffy the Cleaver (Formicid Fighter)               Turns: 13171, Time: 00:16:21

Health: -5/91      AC: 20    Str: 43    XL:     12   Next: 16%
Magic:  17/17      EV: 11    Int: 23    God:    Cheibriados [******]
Gold:   443        SH: 16    Dex: 25    Spells: 0 memorised, 11 levels left

rFire  . . .     SeeInvis +     t - +3 battleaxe
rCold  . . .     Gourm    .     A - +0 plate armour
rNeg   . . .     Faith    .     c - +1 shield
rPois  .         Spirit   .     (helmet unavailable)
rElec  .         Dismiss  .     F - +0 cloak
rCorr  +         Reflect  .     z - +0 pair of gloves
SustAt .         Harm     .     H - +0 pair of boots
MR     +++..                    J - amulet of magic regeneration
Stlth  ..........               v - ring of resist corrosion
                                M - +2 ring of evasion

@: very slightly contaminated, invisible, very slow, extremely resistant to
hostile enchantments, extremely unstealthy
A: permanent stasis, dig shafts and tunnels, four strong arms, antennae 3,
talons 1, icy blue scales 1, high mp 1, magic resistance 2, strong 1
a: Dig, Shaft Self, Bend Time, Temporal Distortion, Slouch, Step From Time,
Renounce Religion


You were on level 11 of the Dungeon.
You worshipped Cheibriados.
Cheibriados was exalted by your worship.
You were not hungry.

You visited 2 branches of the dungeon, and saw 12 of its levels.
You also visited: Ossuary.

You collected 743 gold pieces.
You spent 300 gold pieces at shops.


Innate Abilities, Weirdness & Mutations

You are under a permanent stasis effect.
You can dig through walls and to a lower floor.
Your four strong arms can wield two-handed weapons with a shield.
You have a pair of large antennae on your head. (SInv)
You have sharp toenails.
You are partially covered in icy blue scales. (AC +1)
You have an increased reservoir of magic. (+10% MP)
You are highly resistant to hostile enchantments. (MR++)
Your muscles are strong. (Str +2)


   Skills:
 + Level 7.3 Fighting
 + Level 12.4 Axes
 - Level 10.5 Armour
 - Level 9.5 Shields
 + Level 4.7 Invocations


You had 11 spell levels left.
You didn't know any spells.

Inventory:

Hand Weapons
 a - a +1 scimitar of flaming
 t - a +3 battleaxe (weapon)
 O - a +0 blowgun
Missiles
 N - 14 curare-tipped needles
 Q - 37 poisoned needles
Armour
 c - a +1 shield (worn)
 z - a +0 pair of gloves (worn)
 A - a +0 plate armour (worn)
 F - a +0 cloak (worn)
 H - a +0 pair of boots (worn)
Jewellery
 u - an uncursed ring of positive energy
 v - a ring of resist corrosion (right hand)
 J - an amulet of magic regeneration (around neck)
 M - a +2 ring of evasion (left hand)
Wands
 g - a wand of enslavement (10/24)
 w - a wand of flame (10/48)
 y - a wand of polymorph (1/24)
 G - a wand of digging (18/24)
 I - a wand of acid (7/15)
 V - a wand of flame (27/48)
 W - a wand of iceblast (7/15)
Scrolls
 b - a scroll of torment {unknown}
 h - 3 scrolls of enchant armour
 i - a scroll of enchant weapon {unknown}
 m - a scroll of fear {unknown}
 o - a scroll of fog {unknown}
 B - a scroll of amnesia {unknown}
 E - 3 scrolls of recharging
 L - 2 scrolls of remove curse
 R - a scroll of immolation
 S - a scroll of summoning
 X - a scroll of vulnerability
 Z - 2 scrolls of magic mapping
Potions
 d - 4 potions of might
 e - 5 potions of magic
 j - 5 potions of curing
 n - 3 potions of heal wounds
 p - 4 potions of brilliance
 q - a potion of invisibility
 r - 5 potions of ambrosia
 s - a potion of resistance
 C - 2 potions of lignification
 D - 4 potions of agility
 P - a potion of flight
 T - 4 potions of berserk rage
 Y - a potion of mutation
Books
 k - a book of Callings
Comestibles
 f - 8 bread rations
 x - 4 beef jerkies
 K - 2 meat rations
 U - 24 fruits

Dungeon Overview and Level Annotations

Branches:
Dungeon (11/15)            Temple (1/1) D:5            Lair (0/6) D:9
    Orc: D:9-12

Altars:
Ashenzari
Cheibriados
Dithmenos
Elyvilon
Fedhas
Gozag
Hepliaklqana
Kikubaaqudgha
Makhleb
Nemelex Xobeh
Okawaru
Pakellas
Qazlal
Ru
Sif Muna
Trog
Uskayaw
Vehumet
Xom
Yredelemnul
Zin
The Shining One

Shops:
D:6 :**   D:8 *


Message History

The five-headed hydra bites you but does no damage.
The five-headed hydra bites you!
The five-headed hydra bites you but does no damage.
You are too injured to fight recklessly!
You are too injured to fight recklessly!
You are too injured to fight recklessly!
You catch the helpless five-headed hydra completely off-guard!
You hack one of the five-headed hydra's heads off!
The four-headed hydra grows two more!
You slash the six-headed hydra!
The six-headed hydra is lightly wounded.
You block the six-headed hydra's attack.
The six-headed hydra bites you but does no damage.
The six-headed hydra closely misses you.
The six-headed hydra barely misses you.
You block the six-headed hydra's attack.
The six-headed hydra bites you but does no damage.
You catch the helpless six-headed hydra completely off-guard!
You chop one of the six-headed hydra's heads off!
The five-headed hydra grows two more!
You slice the seven-headed hydra!!
The seven-headed hydra is heavily wounded.
You chop one of the seven-headed hydra's heads off!
The six-headed hydra grows two more!
You slash the eight-headed hydra!
You block the eight-headed hydra's attack.
The eight-headed hydra barely misses you.
You block the eight-headed hydra's attack.
The eight-headed hydra bites you!
You block the eight-headed hydra's attack.
The eight-headed hydra bites you but does no damage.
The eight-headed hydra barely misses you.
The eight-headed hydra bites you but does no damage.
You chop one of the eight-headed hydra's heads off!
The seven-headed hydra grows two more!
You slash the nine-headed hydra!
The nine-headed hydra is heavily wounded.
The nine-headed hydra bites you!
The nine-headed hydra barely misses you. x2
You block the nine-headed hydra's attack. x2
The nine-headed hydra bites you! The nine-headed hydra bites you.
You block the nine-headed hydra's attack.
The nine-headed hydra bites you.
You chop one of the nine-headed hydra's heads off!
The eight-headed hydra grows two more!
You slice the ten-headed hydra!!
The ten-headed hydra is heavily wounded.
The ten-headed hydra bites you.
The ten-headed hydra bites you but does no damage.
You block the ten-headed hydra's attack.
The ten-headed hydra barely misses you.
You block the ten-headed hydra's attack.
The ten-headed hydra bites you but does no damage. x2
The ten-headed hydra bites you! The ten-headed hydra bites you.
You die...

..........#..'...................
##........#..#...................
#############...................
#.....##########....##
#.....#........#....#.
+.....'........'....'.
#.....##########....## #.....#
#...#### #....@+ {###.#...
#...D.# ###... #.....# #...
#.....# { {#### .......# { #.#
..$.....# #.. ...###### #.. ...
##. #.


You could see a ten-headed hydra.

Action                   |  1- 3 |  4- 6 |  7- 9 | 10-12 || total
-------------------------+-------+-------+-------+-------++-------
Melee: War axe           |    43 |    94 |   516 |   210 ||   863
       Battleaxe         |       |       |       |   324 ||   324
 Abil: Dig               |     1 |     1 |     7 |     3 ||    12
Evoke: Wand              |       |       |       |     9 ||     9
  Use: Scroll            |       |       |    16 |    12 ||    28
       Potion            |       |       |       |     4 ||     4
 Stab: Invisible         |       |       |       |     2 ||     2
  Eat: Meat ration       |       |     1 |       |     1 ||     2
       Chunk             |       |       |    11 |     6 ||    17
       Fruit             |       |       |     4 |       ||     4
       Royal jelly       |       |       |       |     1 ||     1
Armor: Scale mail        |    15 |    28 |    32 |       ||    75
       Plate armour      |       |       |   168 |   209 ||   377
Dodge: Dodged            |    10 |    22 |   126 |   207 ||   365
Block: Shield            |    28 |    55 |   394 |   466 ||   943

Notes
Turn   | Place    | Note
-------+----------+-------------------------------------------
     0 | D:1      | Duffy the Formicid Fighter began the quest for the Orb.
     0 | D:1      | Reached XP level 1. HP: 18/18 MP: 1/1
    71 | D:2      | Reached XP level 2. HP: 23/24 MP: 2/2
    72 | D:2      | Reached skill level 4 in Shields
   123 | D:2      | Found a burning altar of Makhleb.
   132 | D:2      | Reached skill level 3 in Axes
   132 | D:2      | Reached XP level 3. HP: 14/29 MP: 3/3
   475 | D:2      | Reached XP level 4. HP: 26/35 MP: 4/4
   672 | D:3      | Reached skill level 5 in Shields
   876 | D:5      | Entered Level 5 of the Dungeon
   920 | D:6      | Found a sand-covered staircase.
   926 | Ossuary  | Entered an ossuary
   926 | Ossuary  | Noticed a wraith
   926 | Ossuary  | Noticed a wraith
   926 | Ossuary  | Noticed a wraith
   970 | Ossuary  | Noticed mistymad's ghost (amateur FoAK)
   997 | Ossuary  | Killed mistymad's ghost
   997 | Ossuary  | Reached skill level 4 in Axes
   997 | Ossuary  | Reached skill level 6 in Shields
   997 | Ossuary  | Reached XP level 5. HP: 28/41 MP: 5/5
   997 | Ossuary  | Reached XP level 6. HP: 33/47 MP: 6/6
  1271 | Ossuary  | Noticed a wraith
  1287 | Ossuary  | Killed a wraith
  1287 | Ossuary  | Reached XP level 7. HP: 24/52 MP: 7/7
  1529 | Ossuary  | Reached skill level 5 in Axes
  2111 | D:6      | Reached skill level 7 in Shields
  2253 | D:6      | Found Geneiqe's General Store.
  2256 | D:6      | Bought a scroll of identify for 28 gold pieces
  2256 | D:6      | Bought a scroll of identify for 28 gold pieces
  2434 | D:4      | Reached skill level 6 in Axes
  2434 | D:4      | Reached XP level 8. HP: 33/58 MP: 8/8
  2436 | D:4      | Reached skill level 8 in Shields
  3005 | D:4      | Found an iron altar of Okawaru.
  3155 | D:5      | Reached skill level 7 in Axes
  3155 | D:5      | Reached skill level 9 in Shields
  3310 | D:5      | Found a bloodstained altar of Trog.
  3637 | D:5      | Found a staircase to the Ecumenical Temple.
  3656 | Temple   | Entered the Ecumenical Temple
  3961 | Temple   | Became a worshipper of Cheibriados the Contemplative
  4922 | D:1      | Reached * piety under Cheibriados
  5399 | D:2      | Noticed Robin
  5411 | D:2      | Reached ** piety under Cheibriados
  5417 | D:2      | Killed Robin
  5417 | D:2      | Reached XP level 9. HP: 61/64 MP: 9/9
  5723 | D:2      | Noticed Sigmund
  5737 | D:2      | Killed Sigmund
  5737 | D:2      | Reached skill level 4 in Armour
  6074 | D:3      | Found a faded altar of an unknown god.
  6168 | D:3      | Noticed Rationalist's ghost (amateur FoFi)
  6175 | D:3      | Killed Rationalist's ghost
  6175 | D:3      | Reached skill level 8 in Axes
  6621 | D:6      | Found Ibounuoh's Book Shoppe.
  6652 | D:6      | Reached skill level 5 in Armour
  6836 | D:6      | Reached *** piety under Cheibriados
  7289 | D:6      | Noticed Eustachio
  7289 | D:6      | Noticed Prince Ribbit
  7369 | D:6      | Killed Prince Ribbit
  7369 | D:6      | Reached skill level 9 in Axes
  7369 | D:6      | Reached skill level 6 in Armour
  7373 | D:6      | Killed Eustachio
  7614 | D:6      | Found Acyos's Assorted Antiques.
  7620 | D:6      | Bought a fizzy black potion for 21 gold pieces
  7620 | D:6      | Bought a scroll labeled KAOQUV NEOX for 24 gold pieces
  7620 | D:6      | Bought a scroll labeled MOECKU YTZAIST for 24 gold pieces
  7825 | D:7      | Reached XP level 10. HP: 70/70 MP: 10/10
  7898 | D:7      | Noticed Duvessa
  7900 | D:7      | Noticed Dowan
  7912 | D:7      | Killed Dowan
  7913 | D:7      | Killed Duvessa
  7913 | D:7      | Reached skill level 7 in Armour
  8091 | D:7      | Found a runed door.
  8095 | D:7      | Noticed Crazy Yiuf
  8101 | D:7      | Killed Crazy Yiuf
  8230 | D:7      | Found a stormy altar of Qazlal.
  8242 | D:7      | Reached skill level 10 in Axes
  8288 | D:7      | Found a blossoming altar of Fedhas.
  8410 | D:7      | Found a shadowy altar of Dithmenos.
  8489 | D:7      | Found a glowing silver altar of Zin.
  8820 | D:7      | Reached **** piety under Cheibriados
  8820 | D:7      | Reached skill level 8 in Armour
  8856 | D:8      | Found an oddly glowing altar of Pakellas.
  8872 | D:8      | Noticed Psyche
  9101 | D:8      | Killed Psyche
  9229 | D:8      | Found Enaorry's Assorted Antiques.
  9237 | D:8      | Noticed Erica
  9257 | D:8      | Killed Erica
  9257 | D:8      | Reached skill level 9 in Armour
  9362 | D:8      | Bought a brightly glowing jade ring for 125 gold pieces
  9362 | D:8      | Bought a scroll of identify for 50 gold pieces
  9362 | D:8      | Identified the cursed ring "Dath" {rF+ Str+5 Slay-3} (You bought it in a shop on level 8 of the Dungeon)
  9493 | D:8      | Noticed Joseph
  9520 | D:8      | Killed Joseph
  9520 | D:8      | Reached skill level 11 in Axes
  9607 | D:9      | Found a hide-covered altar of Uskayaw.
  9788 | D:9      | Reached XP level 11. HP: 75/75 MP: 11/11
  9789 | D:9      | Reached ***** piety under Cheibriados
  9808 | D:10     | Entered Level 10 of the Dungeon
 10088 | D:10     | Reached skill level 4 in Fighting
 10094 | D:10     | Noticed a hill giant
 10097 | D:10     | Killed a hill giant
 10097 | D:10     | Reached skill level 10 in Armour
 10124 | D:10     | Gained mutation: You are resistant to hostile enchantments. (MR+) [potion of mutation]
 10124 | D:10     | Gained mutation: Your muscles are strong. (Str +2) [potion of mutation]
 10124 | D:10     | Gained mutation: You are partially covered in icy blue scales. (AC +1) [potion of mutation]
 10266 | D:10     | Noticed an unseen horror
 10285 | D:10     | Killed an unseen horror
 10285 | D:10     | Reached skill level 5 in Fighting
 10422 | D:7      | Gained mutation: You have sharp toenails. [potion of mutation]
 10422 | D:7      | Gained mutation: You are highly resistant to hostile enchantments. (MR++) [potion of mutation]
 10422 | D:7      | Gained mutation: You have an increased reservoir of magic. (+10% MP) [potion of mutation]
 10884 | D:9      | Found a staircase to the Lair.
 10890 | D:9      | Reached ****** piety under Cheibriados
 10917 | D:9      | Reached skill level 1 in Invocations
 11173 | D:9      | Reached skill level 6 in Fighting
 11486 | D:10     | Reached skill level 12 in Axes
 11486 | D:10     | Reached skill level 2 in Invocations
 11714 | D:10     | Noticed Sonja
 11719 | D:10     | Noticed Sonja
 11719 | D:10     | Sonja changed into Sonja the yak
 11724 | D:10     | Killed Sonja the yak
 11847 | D:10     | Reached skill level 3 in Invocations
 12368 | D:11     | Reached XP level 12. HP: 16/89 MP: 16/16
 12763 | D:11     | Reached skill level 4 in Invocations
 12843 | D:11     | Reached skill level 7 in Fighting
 13161 | D:11     | Noticed a four-headed hydra
 13171 | D:11     | Slain by a ten-headed hydra

Skill      XL: |  1  2  3  4  5  6  7  8  9 10 11 12 |
---------------+-------------------------------------+-----
Shields        | 4 6 7 9 |  9.5
Axes           | 3 4 6 7 9 11 12 | 12.4
Armour         | 6 9 10 | 10.5
Fighting       | 6 7 |  7.3
Invocations    | 3 4 |  4.7

Vault maps used:
D:1:      lemuel_arrival_broad_hall
D:2:      makhleb_heckhound_becter, dk_noncrumbling_2, uniq_sigmund, uniq_robin
D:3:      ecumenical_altar_1
D:4:      okawaru_trees_2, first_bread
D:5:      bloody_trog
D:6:      serial_shops, shop, nicolae_shop_window_shopping,
          nicolae_shop_waterfront, nicolae_ossuary_entry_plus, kennysheep_dice,
          uniq_eustachio, uniq_prince_ribbit1
D:7:      grunt_temple_overflow_forces_of_nature, zin_statuary, kennysheep_mini,
          uniq_crazy_yiuf_cottage, uniq_duvessa
D:8:      nicolae_overflow_crystal_walls, serial_shops, nicolae_shop_crystal,
          blue_anna_alchemist, uniq_joseph, uniq_erica, uniq_psyche
D:9:      old_forge, eat_drink_and_be_merry_uskayaw, dpeg_lair_monsters
D:10:     kennysheep_spiral_hall, uniq_sonja
D:11:     minmay_sliced_demisemicircle, minmay_orc_keep
Temple:   oiseaux_autumnal_temple
Ossuary:  ossuary_kennysheep_city_of_the_dead

Vanquished Creatures
  Erica
  An unseen horror
  A hill giant
  A manticore Joseph Psyche
  A gargoyle
  A kobold demonologist
  A komodo dragon
  4 trolls Prince Ribbit
  A yak Sigmund
  A wraith
  2 hippogriffs
  The ghost of mistymad the Skirmisher, an amateur FoAK of Lugonu
  A hungry ghost
  The ghost of Rationalist the Shield-Bearer, an amateur FoFi Eustachio
  2 water moccasins Duvessa
  A porcupine
  5 orc warriors
  3 sky beasts
  2 ice beasts
  7 ogres
  A black bear
  2 eyes of draining
  2 necrophages
  2 phantoms
  2 centaurs
  A crocodile
  3 big kobolds
  6 giant frogs
  A wyvern zombie
  2 wyvern skeletons
  7 scorpions Dowan
  5 killer bees
  4 wights
  A howler monkey
  3 crimson imps
  2 giant frog zombies
  A centaur zombie
  5 jellies
  9 orc priests
  2 hounds
  2 centaur skeletons Crazy Yiuf
  4 iguanas
  9 orc wizards
  4 hell rats
  12 worker ants
  3 mummies Robin
  18 adders
  4 gnolls
  A howler monkey skeleton
  A river rat
  4 shadow imps
  2 oozes
  An adder skeleton
  3 worms
  2 dart slugs
  3 giant geckos
  29 orcs
  8 giant cockroaches
  A gnoll zombie
  18 goblins
  15 hobgoblins
  14 jackals
  18 kobolds
  6 quokkas
  4 ball pythons
  16 bats
  A giant gecko skeleton
  2 giant gecko zombies
  3 giant newts
  7 goblin zombies
  2 hobgoblin zombies
  4 kobold zombies
  A quokka zombie
  11 rats
  2 bushes
  7 fungi
  A plant
351 creatures vanquished.
